 Dungeon Crawl Stone Soup version 0.30.0-16-gbe6223bb7e (webtiles) character file.

Game seed: 5612052953432647370

178 sentinel the Digger (level 6, 0/67 HPs)
             Began as a Meteoran Earth Elementalist on May 20, 2023.
             Slain by a gnoll
             ... wielding a +0 flail
              (5 damage)
             ... on level 4 of the Dungeon.
             The game lasted 00:05:13 (619 turns).

sentinel the Digger (Meteoran Earth Elementalist)    Turns: 619, Time: 00:05:13

Health: 0/67       AC: 23    Str:  9    XL:     6   Next: 13%
Magic:  4/14       EV:  2    Int: 19    God:
Gold:   17         SH:  0    Dex: 15    Spells: 8/14 levels left

rFire   . . .        (no weapon)
rCold   + . .        (no shield)
rNeg    . . .        a - melded +0 robe
rPois   +            i - melded +1 hat
rElec   .            (cloak currently unavailable)
rCorr   .            d - melded +0 pair of gloves
SInv    .            (boots currently unavailable)
Will    .....        (no amulet)
Stlth   +            c - ring of protection from cold
HPRegen 0.31/turn    (no ring)
MPRegen 0.14/turn

%: no passive effects
@: tree-form, hasted, glowing, invisible (but backlit and visible), very quick
A: stationary, stasis, torment immunity, boosted hp, sense surroundings 1,
otherworldly, glowing, explore regen, mutation resistance 1
a: no special abilities


You were on level 4 of the Dungeon.
You were a tree.
You visited 1 branch of the dungeon, and saw 4 of its levels.

You collected 17 gold pieces.

Inventory:

Hand Weapons
 e - a +0 quarterstaff
Missiles
 m - a throwing net
Armour
 a - a +0 robe (melded)
 d - a +0 pair of gloves (melded)
 i - a +1 hat (melded)
Jewellery
 c - a ring of protection from cold (left branch)
Scrolls
 l - a scroll of enchant armour
Potions
 f - a potion of lignification


   Skills:
 - Level 2.4 Dodging
 - Level 1.4 Stealth
 * Level 4.7 Spellcasting
 + Level 2.3 Conjurations
 - Level 1.2 Transmutations
 + Level 5.5 Earth Magic


You had 8 spell levels left.
You knew the following spells:

 Your Spells              Type           Power      Damage    Failure   Level
a - Sandblast             Erth           50%        2d12      1%          1
b - Stone Arrow           Conj/Erth      38%        3d9       8%          3
c - Passwall              Tmut/Erth      14%        N/A       4%          2

Your spell library contained the following spells:

 Spells                   Type           Power      Damage    Failure   Level
 Petrify                  Tmut/Erth      17%        N/A       30%         4


Dungeon Overview and Level Annotations

Branches:
Dungeon (4/15) Zot: 1765
 Temple: D:4-7

Altars:
Gozag
Sif Muna

Annotations:
D:3 3 runed translucent doors, Sigmund; ciphuk's ghost, amateur OpWn


Innate Abilities, Weirdness & Mutations

You are a tree.
Your roots penetrate the ground, keeping you stationary.
You cannot be teleported.
You are immune to unholy pain and torment.
Your maximum health is greatly increased.
Your equipment is partially melded.
You passively map a small area around you.
You are easily found by Zot.
You glow in the dark.
You regain HP and MP as you explore.
You are somewhat resistant to further mutation.


Message History

The hound bites you but does no damage.
The hobgoblin hits you but does no damage.
The sleepcap releases spores at you but does no damage.
The phantom hits you but does no damage.
The orc hits you with a +0 club. The gnoll hits you with a +0 flail.
The hound bites you but does no damage.
Okay, then.
It was a potion of invisibility.
You become transparent, but the glow from your body prevents you from becoming completely invisible.
The hound bites you but does no damage.
The sleepcap releases spores at you but does no damage.
The phantom hits you. The orc hits you but does no damage.
The gnoll hits you but does no damage.
It was a potion of mutation.
You feel extremely strange.
You feel genetically stable. The hound barely misses you.
The sleepcap releases spores at you.
The phantom hits you but does no damage.
The orc hits you but does no damage. The gnoll hits you but does no damage.
The hound bites you but does no damage.
It was a potion of haste.
You feel yourself speed up. The hound bites you but does no damage.
The sleepcap releases spores at you but does no damage.
The phantom hits you but does no damage.
Ijyb hits you but does no damage. The orc hits you with a +0 club.
The gnoll hits you but does no damage.
You hit the phantom.
The phantom is severely damaged.
The hound bites you but does no damage. Ijyb hits you but does no damage.
The sleepcap releases spores at you but does no damage.
The phantom completely misses you. The orc hits you but does no damage.
The gnoll hits you but does no damage.
You barely miss the phantom.
The phantom is severely damaged.
The hound bites you but does no damage.
You hit the phantom.
The phantom is severely damaged.
The hound bites you but does no damage. Ijyb hits you but does no damage.
The sleepcap releases spores at you but does no damage.
The phantom hits you but does no damage.
The gnoll hits you but does no damage. The orc hits you but does no damage.
Okay, then.
Okay, then.
You barely miss the phantom.
The phantom is severely damaged.
The hound bites you but does no damage.
The phantom hits you but does no damage.
The sleepcap releases spores at you but does no damage.
The orc hits you but does no damage. The gnoll hits you but does no damage.
Ijyb screams, "Me stronger than you!" Ijyb hits you but does no damage.
You barely miss the phantom.
The phantom is severely damaged.
The hound bites you but does no damage.
You hit the sleepcap.
The sleepcap is severely damaged.
The hound bites you but does no damage.
The sleepcap releases spores at you but does no damage.
The phantom hits you but does no damage.
Ijyb hits you but does no damage. The orc hits you but does no damage.
The gnoll hits you but does no damage.
You hit the sleepcap.
The sleepcap is almost destroyed.
The hound bites you but does no damage. The sleepcap barely misses you.
The phantom hits you but does no damage.
The gnoll hits you with a +0 flail. The orc hits you but does no damage.
Ijyb hits you but does no damage.
You hit the sleepcap.
You destroy the sleepcap!
The hound bites you but does no damage.
Your Conjurations skill increases to level 1!
You hit the phantom.
The phantom is almost destroyed.
The hound bites you but does no damage. The gnoll hits you but does no damage.
The phantom hits you but does no damage.
Ijyb hits you but does no damage. The orc hits you but does no damage.
You closely miss the phantom.
The phantom is almost destroyed.
The hound bites you but does no damage.
The phantom hits you but does no damage.
The endoplasm hits you but does no damage.
The orc barely misses you. The gnoll hits you but does no damage.
Ijyb hits you but does no damage.
You smack the phantom!
You destroy the phantom!
The hound bites you but does no damage.
Your Spellcasting skill increases to level 4!
Your Conjurations skill increases to level 2!
You have reached level 5!
You smack Ijyb!
Ijyb is heavily wounded.
The hound bites you but does no damage. Ijyb hits you but does no damage.
The endoplasm barely misses you. The orc barely misses you.
The gnoll hits you with a +0 flail. The hound bites you but does no damage.
You hit Ijyb.
Ijyb is heavily wounded.
The gnoll barely misses you.
The endoplasm hits you but does no damage.
The gnoll hits you but does no damage. The orc hits you with a +0 club.
* * * LOW HITPOINT WARNING * * *
Ijyb hits you but does no damage.
You closely miss Ijyb.
Ijyb is heavily wounded.
The hound bites you but does no damage.
You hit Ijyb.
Ijyb is severely wounded.
The hound bites you but does no damage. Ijyb screams, "Me stronger than you!"
Ijyb hits you but does no damage. The gnoll hits you but does no damage.
The endoplasm hits you but does no damage.
The gnoll hits you with a +0 flail.
* * * LOW HITPOINT WARNING * * *
The orc hits you but does no damage.
You smack Ijyb!
Ijyb is almost dead.
The hound bites you but does no damage. The endoplasm freezes you.
You are frozen.
You resist.
* * * LOW HITPOINT WARNING * * *
The gnoll hits you but does no damage. The orc hits you but does no damage.
The gnoll barely misses you. Ijyb hits you but does no damage.
You hit Ijyb but do no damage.
Ijyb is almost dead.
The hound bites you but does no damage. x2
You hit Ijyb but do no damage.
Ijyb is almost dead.
Ijyb hits you but does no damage. The gnoll hits you with a +0 flail.
* * * LOW HITPOINT WARNING * * *
The endoplasm freezes you.
You are frozen.
You resist.
* * * LOW HITPOINT WARNING * * *
The orc hits you with a +0 club.
* * * LOW HITPOINT WARNING * * *
The gnoll hits you but does no damage. The hound bites you but does no damage.
HP warning!
You hit Ijyb but do no damage.
Ijyb is almost dead.
The gnoll hits you but does no damage.
The endoplasm hits you but does no damage.
The gnoll hits you but does no damage. Ijyb hits you but does no damage.
The orc hits you but does no damage. The hound bites you but does no damage.
HP warning!
You hit Ijyb.
You kill Ijyb!
You have reached level 6!
You feel clever.
HP warning!
You hit the gnoll.
The gnoll is moderately wounded.
The hound bites you but does no damage. The gnoll hits you with a +0 flail.
You die...

,#...#####.......#
'
,#...#...........#
#...+og.......#.#
, #+####
#...#.....##### ,
......##...#...<.#
, ,,
..............####
* .......g......#
, ......gJw.....+
* * ,
..###.♣g.....# ,,
* #.ho....## ,
#.......+ , ,
...#....#* , , ,
....#......, *
.####........ ..
........ , .. , .
..##. , ,


You could see a hound, 2 gnolls, a dart slug, an orc, an endoplasm and a
hobgoblin.

Vanquished Creatures
  A phantom (D:4)
  A sleepcap (D:4)
  Ijyb (D:4)
  A gnoll (D:3)
  An adder (D:2)
  A dart slug (D:1)
  2 orcs
  3 bats
  A giant cockroach (D:3)
  5 jackals (D:3)
  A quokka (D:2)
  2 ball pythons
  3 frilled lizards
  4 goblins
  2 kobolds
  A rat (D:1)
30 creatures vanquished.

Notes
Turn   | Place    | Note
-------+----------+-------------------------------------------
     0 | D:1      | sentinel the Meteoran Earth Elementalist began the quest
                  | for the Orb.
     0 | D:1      | Reached XP level 1. HP: 14/14 MP: 5/5
    71 | D:1      | Reached skill level 4 in Earth Magic
    71 | D:1      | Reached XP level 2. HP: 20/20 MP: 2/6
   141 | D:2      | Learned a level 2 spell: Passwall
   240 | D:2      | Reached XP level 3. HP: 26/26 MP: 6/8
   246 | D:2      | Learned a level 3 spell: Stone Arrow
   286 | D:2      | Found a faded altar of an unknown god.
   389 | D:3      | Reached skill level 5 in Earth Magic
   444 | D:3      | Reached XP level 4. HP: 33/33 MP: 4/9
   466 | D:3      | Found a runed translucent gate.
   466 | D:3      | Found a runed translucent gate.
   466 | D:3      | Found an opulent altar of Gozag.
   466 | D:3      | Found a runed translucent gate.
   467 | D:3      | Noticed ciphuk's ghost (amateur OpWn)
   467 | D:3      | Noticed a black bear
   508 | D:3      | Found a shimmering blue altar of Sif Muna.
   557 | D:3      | Noticed Sigmund
   569 | D:4      | Noticed Ijyb
   575 | D:4      | Noticed a phantom
   597 | D:4      | Gained mutation: You are somewhat resistant to further
                  | mutation. [potion of mutation]
   607 | D:4      | Reached skill level 1 in Conjurations
   609 | D:4      | Killed a phantom
   610 | D:4      | Reached XP level 5. HP: 20/38 MP: 3/12
   618 | D:4      | Killed Ijyb
   619 | D:4      | Reached XP level 6. HP: 4/45 MP: 4/14
   619 | D:4      | Slain by a gnoll

Illustrated notes

Levels and vault maps discovered:
D:1:      minmay_arrival_cross, layout_basic, grunt_decor_clamped,
          supply_closet_lemuel, minmay_misc_feat_four_crosses
D:2:      layout_basic, ebering_ecumenical_altar_petrified, minmay_hexomino_p4
D:3:      layout_basic, lemuel_blue_sif_altar, ebering_ghost_gozag,
          minivault_25, kennysheep_generic_room_9, uniq_sigmund
D:4:      layout_basic, lemuel_coloured_pillars_altar,
          nicolae_uskayaw_murder_on_the_dancefloor, uniq_edmund, uniq_natasha,
          uniq_ijyb

Skill      XL: |  1  2  3  4 |
---------------+-------------+-----
Earth Magic    | 4 5 |  5.5
Spellcasting   | 3 4 |  4.7
Conjurations   | 2 |  2.3
Dodging        | |  2.4
Stealth        | |  1.4
Transmutations | |  1.2

Action                     |  1- 3 |  4- 6 || total
---------------------------+-------+-------++-------
  Melee: Unarmed           |       |    25 ||    25
  Throw: Dart              |       |     3 ||     3
   Cast: Sandblast         |    43 |     5 ||    48
         Passwall          |     5 |    10 ||    15
         Stone Arrow       |     2 |     3 ||     5
    Use: Potion            |     1 |     5 ||     6
         Scroll            |       |     1 ||     1
 Armour: Robe              |    21 |     4 ||    25
         Skin              |       |   104 ||   104
  Dodge: Dodged            |    23 |    26 ||    49
